 Dungeon Crawl Stone Soup version 0.31-a0-1278-g11c5b68f87 (webtiles) character file.

Game seed: 17332909998707319978

81 Lobster4 the Gusty (level 4, 0/25 HPs)
             Began as a Tengu Air Elementalist on Dec 18, 2023.
             Killed by their own static electricity (2 damage)
             ... on level 3 of the Dungeon.
             The game lasted 00:05:15 (2306 turns).

Lobster4 the Gusty (Tengu Air Elementalist)         Turns: 2306, Time: 00:05:15

Health: 0/25       AC:  4    Str:  8    XL:     4   Next: 42%
Magic:  2/8        EV: 17    Int: 18    God:
Gold:   161        SH:  0    Dex: 14    Spells: 1/7 levels left

rFire   . . .        d - +0 short sword
rCold   . . .        (no shield)
rNeg    . . .        a - +0 robe
rPois   .            (helmet restricted)
rElec   .            f - +1 cloak
rCorr   .            (no gloves)
SInv    .            (boots unavailable)
Will    .....        (no amulet)
Stlth   ++           m - +5 ring of evasion
HPRegen 0.24/turn    (no ring)
MPRegen 0.11/turn

%: acrobat
@: no status effects
A: beak, talons 3, acrobatic
a: no special abilities


You were on level 3 of the Dungeon.
You visited 1 branch of the dungeon, and saw 3 of its levels.

You collected 161 gold pieces.

Inventory:

Hand Weapons
 d - a +0 short sword (weapon)
Armour
 a - a +0 robe (worn)
 f - a +1 cloak (worn)
 h - a +0 leather armour
Jewellery
 m - a +5 ring of evasion (left hand)
Scrolls
 c - a scroll of revelation {unknown}
 e - 2 scrolls of identify {unknown}
 j - a scroll of silence {unknown}
 k - 3 scrolls of teleportation {unknown}
 l - a scroll of fear {unknown}
Potions
 b - a potion of magic
 g - a potion of attraction {unknown}
 i - a potion of lignification {unknown}


   Skills:
 + Level 1.1 Fighting
 + Level 0.1 Short Blades
 + Level 1.5 Armour
 + Level 2.7 Dodging
 - Level 2.0 Stealth
 + Level 2.3 Spellcasting
 + Level 2.1 Conjurations
 * Level 4.9 Air Magic


You had one spell level left.
You knew the following spells:

 Your Spells              Type           Power      Damage    Failure   Level
a - Shock                 Conj/Air       56%        1d6       4%          1
b - Static Discharge      Conj/Air       28%        3-5/arc   6%          2
s - Swiftness             Air            19%        N/A       7%          3

Your spell library contained the following spells:

 Spells                   Type           Power      Damage    Failure   Level
 Poisonous Vapours        Pois/Air       22%        N/A       10%         2
 Mephitic Cloud           Conj/Pois/Air  10%        N/A       21%         3
 Airstrike                Air            9%         2d(2-18)  22%         4
 Freezing Cloud           Conj/Ice/Air   5%         6-21      88%         5


Dungeon Overview and Level Annotations

Branches:
Dungeon (3/15)

Altars:
Makhleb

Shops:
D:1 [:

Annotations:
D:3 Ijyb


Innate Abilities, Weirdness & Mutations

You have a beak for a mouth.
You have claws for feet.
You can magically evade attacks while moving or waiting.


Message History

Confirm with . or Enter, or press ? or * to list all spells.
Aiming: Shock (safe; 4% risk of failure)
Press: ? - help, Shift-Dir - straight line, f/p - hobgoblin
Aim: a hobgoblin (almost dead, 71% to hit)
The zap hits the hobgoblin.
You kill the hobgoblin!
You see here a hobgoblin corpse.
Ijyb the Twisted Goblin comes into view.
She is wielding a +0 club and carrying a wand of iceblast.
Found a silvery potion.
Ijyb shouts!
Ijyb zaps a wand.
The mass of ice explodes!
The iceblast engulfs you!
Ouch! That really hurt!
Unknown command.
A bat comes into view.
Ijyb barely misses you.
Casting: Shock (safe; 4% risk of failure)
Confirm with . or Enter, or press ? or * to list all spells.
Ijyb is struck by an arc of lightning.
Ijyb is moderately wounded.
You are struck by an arc of lightning.
Ijyb hits you but does no damage.
Unknown command.
Casting: Static Discharge (safe; 6% risk of failure)
Confirm with . or Enter, or press ? or * to list all spells.
Ijyb is struck by an arc of lightning.
Ijyb is moderately wounded.
You are struck by an arc of lightning.
Ijyb is struck by an arc of lightning.
Ijyb is heavily wounded.
You are struck by an arc of lightning.
The lightning grounds out.
Ijyb hits you with a +0 club.
* * * LOW HITPOINT WARNING * * *
Unknown command.
Okay, then.
Casting: Static Discharge (safe; 6% risk of failure)
Confirm with . or Enter, or press ? or * to list all spells.
Ijyb is struck by an arc of lightning.
Ijyb is severely wounded.
You are struck by an arc of lightning.
* * * LOW HITPOINT WARNING * * *
Ijyb is struck by an arc of lightning.
You are struck by an arc of lightning.
You die...

#.#..##...#.###
#.##. #..##.#
#.##.##..##.#
.......†.#####
.#...........#
#.##########.#
#.# #######.#
#...bg@.#
#..!###### .


You could see Ijyb and a bat.

Vanquished Creatures
  2 adders (D:2)
  A dart slug (D:1)
  6 ball pythons
  3 bats
  6 endoplasms
  2 giant cockroaches
  4 goblins
  6 hobgoblins
  10 jackals (D:2)
  4 quokkas
  A frilled lizard (D:2)
  5 kobolds
  A rat (D:1)
51 creatures vanquished.

Notes
Turn   | Place    | Note
-------+----------+-------------------------------------------
     0 | D:1      | Lobster4 the Tengu Air Elementalist began the quest for the
                  | Orb.
     0 | D:1      | Reached XP level 1. HP: 10/10 MP: 4/4
   138 | D:1      | Reached XP level 2. HP: 15/16 MP: 1/6
   660 | D:1      | Reached skill level 1 in Armour
   793 | D:1      | Reached XP level 3. HP: 20/20 MP: 2/7
   881 | D:1      | Found Kiffom's Book Emporium.
   984 | D:1      | Found Sunev's Armour Boutique.
  1295 | D:2      | Learned a level 2 spell: Static Discharge
  1299 | D:2      | Learned a level 3 spell: Swiftness
  1305 | D:2      | Reached skill level 1 in Fighting
  1717 | D:2      | Reached XP level 4. HP: 25/25 MP: 3/8
  1852 | D:2      | Found a burning altar of Makhleb.
  1942 | D:2      | Found a faded altar of an unknown god.
  2302 | D:3      | Noticed Ijyb
  2306 | D:3      | Killed from afar by themself

Illustrated notes

Levels and vault maps discovered:
D:1:      amcnicky_arrival_choice, layout_loops_ring, serial_shops, shop,
          nicolae_book_shop_shelving
D:2:      layout_rooms, dreamdust_ecumenical_altar_angels_and_demons,
          basic_altar, kennysheep_cross_bottleneck
D:3:      layout_loops_ring, uniq_grinder, uniq_ijyb

Skill      XL: |  1  2  3 |
---------------+----------+-----
Armour         | 1 |  1.5
Fighting       | 1 |  1.1
Conjurations   | 2 |  2.1
Short Blades   | |  0.1
Dodging        | |  2.7
Stealth        | |  2.0
Spellcasting   | |  2.3
Air Magic      | |  4.9

Action                     |  1- 3 |  4- 6 || total
---------------------------+-------+-------++-------
  Melee: Unarmed           |    14 |       ||    14
         Punch             |     1 |       ||     1
         Short sword       |    17 |     3 ||    20
         Kick              |     3 |       ||     3
   Cast: Shock             |    85 |    25 ||   110
         Static Discharge  |       |     2 ||     2
 Armour: Robe              |    19 |    10 ||    29
  Dodge: Dodged            |    38 |     8 ||    46

Table legend: (Time is in decaauts)
 A = Elapsed time spent in this place.
 B = Non-inter-level travel time spent in this place.
 C = Inter-level travel time spent in this place.
 D = Time resting spent in this place.
 E = Time spent auto-exploring this place.
 F = Levels seen in this place.
 G = Mean time per level.
                   A        B        C        D        E       F      G
               +--------+--------+--------+--------+--------+-----+--------+
         Total |   2304 |   2276 |     28 |     37 |   1942 |   3 |  768.0 |
       Dungeon |   2304 |   2276 |     28 |     37 |   1942 |   3 |  768.0 |
               +--------+--------+--------+--------+--------+-----+--------+

Top non-repeatable levels by time:
     D:1: 1236 daAuts
     D:2: 971 daAuts
     D:3: 96 daAuts
